 Dungeon Crawl Stone Soup version 0.30-a0-12-gd8047c6341 (webtiles) character file.

Game seed: 3051662234793171202

492 AttackTheMoon the Covered (level 7, -3/60 HPs)
             Began as a Meteoran Fighter on Aug 23, 2022.
             Slain by a killer bee (8 damage)
             ... on level 5 of the Dungeon.
             The game lasted 00:06:22 (1751 turns).

AttackTheMoon the Covered (Meteoran Fighter)        Turns: 1751, Time: 00:06:23

Health: -3/60      AC:  7    Str: 19    XL:     7   Next: 65%
Magic:  8/8        EV:  9    Int: 15    God:
Gold:   146        SH:  5    Dex: 15    Spells: 6/6 levels left

rFire   . . .      SeeInvis .    a - +0 flail
rCold   . . .      Faith    .    c - +0 buckler
rNeg    . . .      Spirit   .    o - +0 scale mail {rPois}
rPois   +          Reflect  .    (no helmet)
rElec   .          Harm     .    (no cloak)
rCorr   .          Rampage  .    (no gloves)
Will    .....                    (no boots)
Stlth   ..........               (no amulet)
HPRegen 0.20/turn                n - +6 ring of intelligence
MPRegen 0.11/turn                (no ring)

@: lethally poisoned (-3 -> -8), glowing
A: sense surroundings 1, otherworldly, glowing, explore regen
a: no special abilities


You were on level 5 of the Dungeon.
You visited 1 branch of the dungeon, and saw 5 of its levels.

You collected 146 gold pieces.

Inventory:

Hand Weapons
 a - a +0 flail (weapon)
Missiles
 h - 4 curare-tipped darts
Armour
 b - a +0 scale mail
 c - a +0 buckler (worn)
 j - a +2 tower shield
 o - a +0 scale mail of poison resistance (worn)
Jewellery
 n - a +6 ring of intelligence (left hand)
 p - an amulet of regeneration
Wands
 l - a wand of iceblast (6) (quivered)
Scrolls
 g - a scroll of noise {unknown}
 i - 2 scrolls of immolation {unknown}
 k - a scroll of enchant weapon {unknown}
 m - a scroll of enchant armour {unknown}
Potions
 d - a potion of magic {unknown}
 e - 2 potions of degeneration {unknown}
 f - 3 potions of flight {unknown}


   Skills:
 + Level 4.9 Fighting
 + Level 5.1 Maces & Flails
 + Level 3.1 Throwing
 + Level 5.3 Armour
 + Level 5.3 Shields


You had 6 spell levels left.
You didn't know any spells.
Your spell library contained the following spells:

 Spells                   Type           Power      Damage    Failure   Level
 Slow                     Hex            0%         N/A       69%         1
 Confusing Touch          Hex            0%         N/A       96%         3
 Vampiric Draining        Necr           0%         2d6       96%         3


Dungeon Overview and Level Annotations

Branches:
Dungeon (5/15) Zot: 1395
 Temple: D:4-7

Altars:


Innate Abilities, Weirdness & Mutations

You passively map a small area around you.
You are easily found by Zot.
You glow in the dark.
You regain HP and MP as you explore.


Message History

The killer bee stings you but does no damage.
Aiming: Iceblast
Press: ? - help, Q - select action, (/) - cycle Shift-Dir - straight line, f - you, p - killer bee That beam is likely to hit you.
Continue anyway?
The mass of ice explodes!
The iceblast engulfs you.
The iceblast engulfs the killer bee!
You kill the killer bee!
The iceblast engulfs the killer bee!
The killer bee is heavily wounded.
The iceblast engulfs the killer bee!
You kill the killer bee!
The iceblast engulfs the killer bee!
The killer bee is almost dead.
The iceblast engulfs the killer bee!
The killer bee is heavily wounded.
The iceblast engulfs the killer bee.
The killer bee is heavily wounded.
The killer bee stings you.
The killer bee stings you but does no damage. x2
The killer bee stings you.
You are poisoned.
The killer bee poisons you! The killer bee stings you!
* * * LOW HITPOINT WARNING * * *
The killer bee stings you but does no damage.
The killer bee barely misses you. The killer bee stings you.
* * * LOW HITPOINT WARNING * * *
Your Maces & Flails skill increases to level 5!
Your Throwing skill increases to level 3!
Aiming: Iceblast
Press: ? - help, Q - select action, (/) - cycle Shift-Dir - straight line
Okay, then.
You closely miss the killer bee.
The killer bee is almost dead.
You feel very sick. The killer bee stings you!
* * * LOW HITPOINT WARNING * * *
You block the killer bee's attack.
The killer bee stings you but does no damage.
The killer bee barely misses you. The killer bee stings you!
You die...

#.. ##. ,, * ###. *
, ####### ##... .,*
#.....# #..##
#.###.....# #.##
#.........# #.#
#..†...# ##.#
#...@y.# #..# *
#..yyy.# #.##
#####.....# ##.#
.........## #..#*
.......#..# ##.## *
.......##.## #..# ,
.......##[.### ##.##
,...)...#.....###..#
*
.......#.........##


You could see 4 killer bees.

Vanquished Creatures
  Sigmund (D:3)
  A phantom (D:5)
  Blork the orc (D:5)
  2 killer bees (D:5)
  An orc wizard (D:5)
  A gnoll (D:1)
  2 adders
  2 dart slugs
  7 orcs
  7 endoplasms
  4 giant cockroaches
  2 hobgoblins (D:1)
  A quokka (D:1)
  3 ball pythons
  3 bats
  2 frilled lizards
  7 goblins
  6 kobolds
  4 rats
57 creatures vanquished.

Vanquished Creatures (others)
  4 plants (D:3)
4 creatures vanquished.

Grand Total: 61 creatures vanquished

Notes
Turn   | Place    | Note
-------+----------+-------------------------------------------
     0 | D:1      | AttackTheMoon the Meteoran Fighter began the quest for the
                  | Orb.
     0 | D:1      | Reached XP level 1. HP: 19/19 MP: 2/2
   123 | D:1      | Reached XP level 2. HP: 6/26 MP: 3/3
   368 | D:1      | Found a faded altar of an unknown god.
   577 | D:1      | Reached XP level 3. HP: 30/31 MP: 4/4
   980 | D:1      | Reached XP level 4. HP: 40/40 MP: 5/5
  1072 | D:1      | Glimpsed the power of Zot.
  1116 | D:1      | Glimpsed the power of Zot.
  1153 | D:2      | Glimpsed the power of Zot.
  1161 | D:2      | Touched by the power of Zot.
  1273 | D:3      | Noticed Sigmund
  1291 | D:3      | HP: 1/25 [something (1)]
  1292 | D:3      | Killed Sigmund
  1293 | D:3      | Reached skill level 1 in Throwing
  1293 | D:3      | Reached XP level 5. HP: 2/47 MP: 6/6
  1293 | D:3      | Reached XP level 6. HP: 2/53 MP: 7/7
  1596 | D:5      | Entered Level 5 of the Dungeon
  1612 | D:5      | Noticed Blork the orc
  1619 | D:5      | Killed Blork the orc
  1620 | D:5      | Reached skill level 5 in Armour
  1620 | D:5      | Reached skill level 5 in Shields
  1693 | D:5      | Reached XP level 7. HP: 59/60 MP: 8/8
  1751 | D:5      | Reached skill level 5 in Maces & Flails
  1751 | D:5      | Slain by a killer bee

Illustrated notes

Levels and vault maps discovered:
D:1:      shiori_arrival_maze, layout_loops_corners,
          chequers_ecumenical_altar_simple, minmay_crystal_room,
          chequers_serial_rivers_large_a
D:2:      minmay_wonky_spiral, layout_loops_ring, kennysheep_generic_room_2,
          uniq_robin, uniq_jessica, uniq_terence
D:3:      layout_rooms, serial_forest, infiniplex_forest_zigzag_1,
          infiniplex_forest_side_room, infiniplex_forest_end_2,
          infiniplex_forest_split, gup_sewer_entry_bubbles,
          chequers_serial_rivers_small_3, minmay_liquid_box, uniq_sigmund
D:4:      layout_layer_cave
D:5:      layout_basic, uniq_blork_the_orc

Skill      XL: |  1  2  3  4  5  6  7 |
---------------+----------------------+-----
Maces & Flails | 3 4 5 |  5.1
Armour         | 4 5 |  5.3
Shields        | 4 5 |  5.3
Fighting       | 4 |  4.9
Throwing       | 1 2 3 |  3.1

Action                   |  1- 3 |  4- 6 |  7- 9 || total
-------------------------+-------+-------+-------++-------
Melee: Flail             |    71 |    59 |    22 ||   152
Throw: Dart              |       |     8 |     2 ||    10
Evoke: Wand              |       |       |     1 ||     1
  Use: Potion            |     1 |     1 |       ||     2
       Scroll            |     4 |       |       ||     4
Armor: Scale mail        |    41 |    29 |    27 ||    97
Dodge: Dodged            |    27 |    21 |    24 ||    72
Block: Buckler           |    16 |    10 |    13 ||    39

Table legend: (Time is in decaauts)
 A = Elapsed time spent in this place.
 B = Non-inter-level travel time spent in this place.
 C = Inter-level travel time spent in this place.
 D = Time resting spent in this place.
 E = Time spent auto-exploring this place.
 F = Levels seen in this place.
 G = Mean time per level.
                   A        B        C        D        E       F      G
               +--------+--------+--------+--------+--------+-----+--------+
         Total |   1804 |   1757 |     47 |    162 |   1028 |   5 |  360.8 |
       Dungeon |   1804 |   1757 |     47 |    162 |   1028 |   5 |  360.8 |
               +--------+--------+--------+--------+--------+-----+--------+

Top non-repeatable levels by time:
     D:1: 1159 daAuts
     D:3: 238 daAuts
     D:2: 208 daAuts
     D:5: 160 daAuts
     D:4: 37 daAuts
